AoeStats
← PABLO ESCOBAR GAVIRIA

Golden Pit

509719725Analyzed
1v1 RM · 5d ago on Sep 27, 2026· 16m 41s· 2 players
Game mode
Random Map
Map size
Tiny (2 player)
Population
200
Speed
Normal
Resources
Standard
Victory
Conquest
Starting age
Dark Age
Ending age
Imperial Age
RankedLock teamsTeams togetherTeam positionsShared explorationLock speedFull tech treeHidden civsTurbo modeCheats
Victory
Defeat
🇫🇷 Slavs · France
959
+15
946
-15
PABLO ESCOBAR GAVIRIA
2:36 Loom
8:17 Loom
10:57 Feudal Age
11:26 Double-Bit Axe
12:28 Horse Collar
14:11 Gold Mining
GENTIL PANDA
7:48 Loom
10:08 Feudal Age
10:50 Man-at-Arms
Connection lost

Rejoining the realm…

Still unreachable

The connection could not be restored.

Session expired

The server has moved on; the page needs a fresh start.